 Dungeon Crawl Stone Soup version 0.29.1-12-g30fa7ad0bf (webtiles) character file.

Game seed: 12180994816227502792

19 croobank the Caller (level 2, 0/11 HPs)
             Began as a Felid Summoner on Jan 9, 2023.
             Killed from afar by Natasha (7 damage)
             ... with a magic dart
             ... on level 2 of the Dungeon.
             The game lasted 00:02:37 (1119 turns).

croobank the Caller (Felid Summoner)                Turns: 1119, Time: 00:02:37

Health: 0/11       AC:  1    Str:  4    XL:     2   Next: 55%
Magic:  3/6        EV: 17    Int: 16    God:
Gold:   51         SH:  0    Dex: 16    Spells: 2/5 levels left
                                        Lives:  0   Deaths: 0

rFire   . . .      SeeInvis +   (weapon unavailable)
rCold   . . .      Faith    .   (shield unavailable)
rNeg    . . .      Spirit   .   (body armour unavailable)
rPois   .          Reflect  .   (helmet unavailable)
rElec   .          Harm     .   (cloak unavailable)
rCorr   .          Rampage  .   (gloves unavailable)
Will    .....                   (boots unavailable)
Stlth   ++........              (no amulet)
HPRegen 0.03/turn               (no ring)
MPRegen 0.10/turn               (no ring)

@: quick
A: very small, claws 1, fangs 3, see invisible, speed 1, shaggy fur 1, stealthy
paws, no weapons or thrown items, no armour, multi-lived
a: no special abilities


You were on level 2 of the Dungeon.
You visited 1 branch of the dungeon, and saw 2 of its levels.

You collected 51 gold pieces.

Inventory:

Scrolls
 c - a scroll of vulnerability {unknown}
 i - a scroll of identify {unknown}
 j - a scroll of noise {unknown}
Potions
 a - a potion of magic
 b - a potion of flight {unknown}
 d - a potion of haste
 e - a potion of degeneration {unknown}
 f - a potion of curing {unknown}
 g - a potion of might {unknown}
 h - 2 potions of mutation {unknown}


   Skills:
 + Level 3.1 Dodging
 + Level 3.2 Stealth
 + Level 2.3 Spellcasting
 + Level 4.1 Summonings


You had 2 spell levels left.
You knew the following spells:

 Your Spells              Type           Power      Damage    Failure   Level
a - Summon Small Mammal   Summ           60%        N/A       3%          1
b - Call Imp              Summ           15%        N/A       5%          2

Your spell library contained the following spells:

 Spells                   Type           Power      Damage    Failure   Level
 Call Canine Familiar     Summ           15%        N/A       11%         3
 Summon Guardian Golem    Hex/Summ       8%         N/A       26%         3
 Summon Lightning Spire   Summ/Air       8%         N/A       65%         4


Dungeon Overview and Level Annotations

Branches:
Dungeon (2/15)

Altars:

Annotations:
D:2 Natasha


Innate Abilities, Weirdness & Mutations

You have sharp claws.
You have razor-sharp teeth.
You have supernaturally acute eyesight. (SInv)
You cover ground quickly. (Speed+)
You are covered in fur. (AC +1)
Your paws help you pounce on unaware monsters.
You are incapable of wielding weapons or throwing items.
You cannot wear armour.
You gain extra lives every three experience levels.


Message History

Casting: Summon Small Mammal (safe; 3% risk of failure)
Confirm with . or Enter, or press ? or * to list all spells.
Your bat hits the endoplasm.
Your crimson imp hits the endoplasm.
Your bat hits the endoplasm but does no damage.
The endoplasm misses your quokka.
Your crimson imp blinks!
Your bat hits the endoplasm but does no damage.
Your quokka bites the endoplasm.
The endoplasm hits your quokka.
Your quokka bites the endoplasm.
The endoplasm dies!
Your crimson imp disappears in a puff of smoke!
Your bat disappears in a puff of smoke!
Your quokka disappears in a puff of smoke!
You see here a +0 sling.
You see here a +0 dagger.
Done exploring.
Done exploring.
(D) Dungeon
Where to? (? - help)
There is a stone staircase leading down here.
You climb downwards.
There is a stone staircase leading up here.
Natasha is nearby!
The helpless Natasha fails to defend herself.
You scratch Natasha.
Natasha is heavily wounded.
Natasha drinks a potion.
Natasha seems to speed up.
Casting: Summon Small Mammal (safe; 3% risk of failure)
Confirm with . or Enter, or press ? or * to list all spells.
A beastly little devil appears in a puff of frigid air.
Natasha claws you. Natasha closely misses you.
Natasha mumbles some strange words.
Natasha shimmers violently.
Casting: Call Imp (safe; 5% risk of failure)
Confirm with . or Enter, or press ? or * to list all spells.
Natasha casts a spell at you. The magic dart hits you!
Ouch! That really hurt!
You die... # #. .. .# #.#######..# #....h@5r..# #########.## #

You could see Natasha (fast, ally target), a friendly white imp (summoned) and a friendly quokka (summoned).

Vanquished Creatures
  A goblin (D:1)
1 creature vanquished.

Vanquished Creatures (collateral kills)
  A dart slug (D:1)
  A bat (D:1)
  An endoplasm (D:1)
  2 giant cockroaches (D:1)
  3 goblins (D:1)
  A hobgoblin (D:1)
  A kobold (D:1)
  A quokka (D:1)
  A ball python (D:1)
  A frilled lizard (D:1)
13 creatures vanquished.

Grand Total: 14 creatures vanquished

Notes
Turn   | Place    | Note
-------+----------+-------------------------------------------
     0 | D:1      | croobank the Felid Summoner began the quest for the Orb.
     0 | D:1      | Reached XP level 1. HP: 7/7 MP: 4/4
   238 | D:1      | Reached XP level 2. HP: 11/11 MP: 4/6
   241 | D:1      | Learned a level 2 spell: Call Imp
  1113 | D:2      | Noticed Natasha
  1119 | D:2      | Killed from afar by Natasha

Illustrated notes

Levels and vault maps discovered:
D:1:      lightli_iron_boxes, layout_loops_ring
D:2:      layout_loops_ring, serial_bayou, serial_bayou_ford_a,
          serial_bayou_lake_a, serial_bayou_pond_e, serial_bayou_lagoon_a,
          serial_bayou_pond_e, dreamdust_ecumenical_altar_angels_and_demons,
          uniq_natasha, uniq_crazy_yiuf_cottage, uniq_robin

Skill      XL: |  1 |
---------------+----+-----
Dodging        | 3 |  3.1
Stealth        | 3 |  3.2
Spellcasting   | |  2.3
Summonings     | |  4.1

Action                   || total
-------------------------++-------
Melee: Unarmed           ||    10
       Bite              ||     1
 Cast: Summon Small Mamm ||    29
       Call Imp          ||     7
 Stab: Sleeping          ||     2
Armor: Skin              ||     2
Dodge: Dodged            ||    15
